 Dungeon Crawl Stone Soup version 0.24-a0-217-g1152973720 (webtiles) character file.

Game seed: 482824832992496314

2 Redear the Magician (level 1, 0/13 HPs)
             Began as a Mummy Wizard on Mar 30, 2019.
             Slain by a leopard gecko (3 damage)
             ... on level 1 of the Dungeon.
             The game lasted 00:00:22 (107 turns).

Redear the Magician (Mummy Wizard)                   Turns: 107, Time: 00:00:23

Health: 0/13       AC:  2    Str: 10    XL:     1   Next: 25%
Magic:  4/5        EV: 12    Int: 17    God:
Gold:   9          SH:  0    Dex: 10    Spells: 7/8 levels left

rFire    x . .     SeeInvis .   e - -2 spear (curse)
rCold    + . .     Gourm    .   (no shield)
rNeg     + + +     Faith    .   a - +0 robe
rPois    ∞         Spirit   .   b - +0 hat
rElec    .         Reflect  .   (no cloak)
rCorr    .         Harm     .   (no gloves)
MR       .....                  (no boots)
Stlth    ++........             (no amulet)
HPRegen  0.04/turn              (no ring)
MPRegen  0.09/turn              (no ring)

@: no status effects
A: no food or potions, fire vulnerability, cold resistance 1, negative energy
resistance 3, torment resistance, unbreathing
a: no special abilities


You were on level 1 of the Dungeon.
You were not hungry.

You visited 1 branch of the dungeon, and saw 1 of its levels.

You collected 9 gold pieces.

Inventory:

Hand Weapons
 e - a cursed -2 spear (weapon)
Armour
 a - a +0 robe (worn)
 b - a +0 hat (worn)
Scrolls
 c - a scroll of amnesia {unknown}
 d - a scroll of identify {unknown}
 f - 3 scrolls of remove curse {unknown}


   Skills:
 - Level 1.5 Dodging
 - Level 1.5 Stealth
 + Level 4.1 Spellcasting
 + Level 0.9 Conjurations
   Level 0.7 Summonings
   Level 0.7 Translocations


You had 7 spell levels left.
You knew the following spells:

 Your Spells              Type           Power        Failure   Level  Hunger
a - Magic Dart            Conj           #...         11%         1    N/A

Your spell library contained the following spells:

 Spells                   Type           Power        Failure   Level  Hunger
 Blink                    Tloc           N/A          17%         2    N/A
 Call Imp                 Summ           #.......     17%         2    N/A
 Slow                     Hex            #.......     24%         2    N/A
 Conjure Flame            Conj/Fire      #.......     36%         3    N/A
 Mephitic Cloud           Conj/Pois/Air  #.......     38%         3    N/A

Dungeon Overview and Level Annotations

Branches:
Dungeon (1/15)

Altars:


Innate Abilities, Weirdness & Mutations

You do not eat or drink.
Your flesh is vulnerable to fire.
You are immune to poison.
Your flesh is cold resistant. (rC+)
You are immune to negative energy. (rN+++)
You are immune to unholy pain and torment.
You can survive without breathing.


Message History

Unknown command.
The leopard gecko bites you but does no damage.
Unknown command.
Unknown command.
The leopard gecko hisses menacingly.
The leopard gecko barely misses you.
Unknown command.
The leopard gecko closely misses you. x2
Unknown command.
The leopard gecko barely misses you.
Unknown command.
The leopard gecko barely misses you.
Unknown command.
The leopard gecko barely misses you.
Unknown command.
The leopard gecko barely misses you.
Unknown command.
The leopard gecko bites you but does no damage.
The leopard gecko bites you.
You die...

###### ...>.# ####.#
############## #.#
##.............
####.###......########
..........###.#
####.####.# #.# #.#
#.# #.##### ####.# #.#
#...@.#
.....####.#######l#
...........# .#
...........# ..
....#......## ###
....#.......###
...###......... ...#
#......... ..##
##........


You could see a leopard gecko.

Levels and vault maps discovered:
D:1:      onia_arrival_pentagram, layout_loops_ring, minmay_misc_feat_alley

Notes
Turn   | Place    | Note
-------+----------+-------------------------------------------
     0 | D:1      | Redear the Mummy Wizard began the quest for the Orb.
     0 | D:1      | Reached XP level 1. HP: 13/13 MP: 5/5
    50 | D:1      | Identified a cursed -2 spear (You found it on level 1 of
                  | the Dungeon)
    99 | D:1      | HP: 2/13 [leopard gecko (2)]
   107 | D:1      | Slain by a leopard gecko

Table legend:
 A = Turns spent in this place as a percentage of turns spent in the entire game.
 B = Non-inter-level travel turns spent in this place as a percentage of non-inter-level travel turns spent in the entire game.
 C = Inter-level travel turns spent in this place as a percentage of turns spent in this place.
 D = Turns resting spent in this place as a percentage of non-inter-level travel turns spent in this place.
 E = Turns spent auto-exploring this place as a percentage of non-inter-level travel turns spent in this place.
 F = Non-inter-level travel turns spent in this place divided by the number of levels of this place that you've seen.
                   A       B       C       D       E      F
               +-------+-------+-------+-------+-------+----------------------
         Total | 100.0 | 100.0 |   0.0 |   0.0 |  66.4 | 107.0
       Dungeon | 100.0 | 100.0 |   0.0 |   0.0 |  66.4 | 107.0
               +-------+-------+-------+-------+-------+----------------------

Table legend:
 A = Kills in this place as a percentage of kills in entire the game.
 B = Kills by you in this place as a percentage of kills by you in the entire game.
 C = Kills by friends in this place as a percentage of kills by friends in the entire game.
 D = Other kills in this place as a percentage of other kills in the entire game.
 E = Experience gained in this place as a percentage of experience gained in the entire game.
 F = Experience gained in this place divided by the number of levels of this place that you have seen.
                   A       B       C       D       E      F
               +-------+-------+-------+-------+-------+----------------------
         Total | 100.0 | 100.0 |   N/A |   N/A | 100.0 |   3.0
       Dungeon | 100.0 | 100.0 |   N/A |   N/A | 100.0 |   3.0
               +-------+-------+-------+-------+-------+----------------------

Action                   || total
-------------------------++-------
 Cast: Magic Dart        ||     5
Armor: Robe              ||     2
Dodge: Dodged            ||    12

Vanquished Creatures
  A leopard gecko (D:1)
1 creature vanquished.
